Cogmind - Beta 14 @@@ ROGUE MODE // 2024.09.08 @ 13:46:55 Player: rice Result: Self-destructed Performance ------------- Evolutions (1) 500 Regions Visited (2) 400 Robots Destroyed (16) 80 Value Destroyed (377) 377 Prototype IDs (0) 0 Alien Tech Used (0) 0 Bonus (0) 0 TOTAL SCORE: 1357 Bonus ------- None Cogmind --------- Core Integrity 263/400 Matter 297/300 Energy 100/100 System Corruption 0% Temperature Cool (0) Movement Walking (120) Location -9/Materials Parts ------- > --- POWER (1) -------- (None) > --- PROPULSION (2) --- Aluminum Leg Aluminum Leg > --- UTILITY (4) ------ Medium Storage Unit Signal Interpreter Targeting Computer Targeting Computer > --- WEAPON (2) ------- Light Assault Rifle > --- INVENTORY (10) --- Light Ion Engine Aluminum Leg Medium Storage Unit Medium Matter Pod (100) Mining Claw Peak State ------------ > --- POWER ------------ Light Ion Engine > --- PROPULSION ------- Aluminum Leg Aluminum Leg > --- UTILITY ---------- Medium Storage Unit Signal Interpreter Targeting Computer Targeting Computer > --- WEAPON ----------- EM Pulse Gun Light Assault Rifle > --- INVENTORY -------- Light Ion Engine Medium Storage Unit Medium Matter Pod Mining Claw [Rating: 9] Favorites ----------- Power Light Ion Engine Engine Light Ion Engine Propulsion Light Treads Treads Light Treads Leg Aluminum Leg Utility Medium Storage Unit Device Structural Scanner Storage Medium Storage Unit Processor Targeting Computer Weapon Light Assault Rifle Energy Gun EM Pulse Gun Ballistic Gun Light Assault Rifle Slashing Weapon Mining Claw Build | -11 -10 -9 ------- Run | Yrd Mat Mat Slots Evolved 2 | . . 2 Power . | . . . Propulsion . | . . . Utility 2 | . . 2 Weapon . | . . . Parts Attached 24 | 6 14 4 Power 3 | 1 2 . Engine 3 | 1 2 . Core . | . . . Reactor . | . . . Propulsion 7 | 2 3 2 Treads 2 | 2 . . Leg 5 | . 3 2 Wheel . | . . . Hover . | . . . Flight . | . . . Utility 8 | 1 5 2 Device 2 | . 2 . Storage 3 | 1 2 . Processor 3 | . 1 2 Hackware . | . . . Protection . | . . . Artifact . | . . . Weapon 6 | 2 4 . Energy Gun 2 | 1 1 . Energy Cannon . | . . . Ballistic Gun 2 | 1 1 . Ballistic Cannon . | . . . Launcher . | . . . Special Weapon . | . . . Impact Weapon . | . . . Slashing Weapon 2 | . 2 . Piercing Weapon . | . . . Special Melee Weapon . | . . . Unidentified Prototypes . | . . . Parts Lost 6 | . 4 2 Power 3 | . 2 1 Propulsion 2 | . 2 . Utility . | . . . Weapon 1 | . . 1 Highest Loss Streak 2 | . 2 1 To Critical Strikes 1 | . . 1 Average Slot Usage (%) 95 | . 97 88 Engine 13 | . 13 10 Treads 12 | . 15 . Leg 12 | . 10 21 Device 8 | . 10 . Storage 13 | . 14 11 Processor 8 | . 3 28 Energy Gun 8 | . 8 6 Ballistic Gun 12 | . 12 11 Slashing Weapon 5 | . 7 . Peak Build Rating 9 | 6 7 9 Average Rating 6 | 4 6 8 On Entrance 4 | . 6 7 Naked Turns . | . . . Heaviest Build 17 | 11 17 16 Greatest Support 40 | 40 40 20 Greatest Overweight (x) 1 | . 1 1 Average Overweight (x) . | . . . Largest Inventory Capacity 10 | 8 10 10 Average Capacity 9 | 6 9 10 Most Carried 7 | 1 7 5 Average Carried 4 | . 4 4 Final Capacity 10 | 8 10 10 Final Carried 5 | 1 5 5 Class Distribution -------------------- 100% | Mutant Dominant Class ---------------- Mutant | -10/Materials Mutant | -9/Materials Resources | -11 -10 -9 ----------- Run | Yrd Mat Mat Matter Collected 571 | 201 287 83 Remotely . | . . . Salvage Created 505 | . 346 159 Parts 32 | . 22 10 Haulers Intercepted . | . . . Recyclers Shooed . | . . . Parts Field Recycled . | . . . Retrieved Matter . | . . . Parts Self-Destructed . | . . . Prevented . | . . . Kills | -11 -10 -9 ------- Run | Yrd Mat Mat Combat Hostiles Destroyed 14 | . 11 3 Guns 14 | . 11 3 Classes Destroyed 4 | . 3 1 Operator 1 | . 1 . Watcher 1 | . . 1 Swarmer 6 | . 6 . Grunt 8 | . 5 3 Best Kill Streak 3 | . 3 3 Combat Bots Only 3 | . 3 2 Max Kills in Single Turn 1 | . 1 1 Gunslinging . | . . . Exploded . | . . . Melee . | . . . Uniques/NPCs Destroyed . | . . . Combat | -11 -10 -9 -------- Run | Yrd Mat Mat Hostile Shots Fired 155 | . 99 56 Missed 37 | . 18 19 Damage Taken 1166 | . 802 364 Core 318 | . 181 137 Absorbed by Shields . | . . . Regen/Repaired (Parts) 80 | . . 80 Core Remaining (%) 63 | 100 27 . Volleys Fired 71 | . 54 17 Largest 2 | . 2 2 Hottest 60 | . 60 60 Shots Fired 101 | . 79 22 Gun 101 | . 79 22 Cannon . | . . . Launcher . | . . . Special . | . . . Kinetic 71 | . 54 17 Thermal . | . . . Explosive . | . . . Electromagnetic 30 | . 25 5 Robot Hit Streak 21 | . 9 21 Robot Miss Streak 3 | . 3 2 Penetration Max . | . . . Secondary Targets 1 | . 1 . Max Gunslinging Chain 1 | . 1 . Shots Hit Robots 81 | . 62 19 Core Hits 31 | . 22 9 Critical Kills 1 | . 1 . Critical Parts Destroyed . | . . . Critical Strikes 1 | . 1 . Destroy 1 | . 1 . Melee Attacks 35 | . 35 . Impact . | . . . Slashing 35 | . 35 . Piercing . | . . . Sneak Attacks 1 | . 1 . Combat Hostiles . | . . . Follow-up Attacks . | . . . Damage Inflicted 971 | 6 772 193 Guns 718 | . 539 179 Cannons . | . . . Explosions 53 | . 53 . Melee 170 | . 170 . Ramming 30 | 6 10 14 Kinetic 448 | . 343 105 Thermal 53 | . 53 . Explosive . | . . . Electromagnetic 270 | . 196 74 Impact . | . . . Slashing 170 | . 170 . Piercing . | . . . Highest Corruption . | . . . Average Corruption . | . . . Corruption Purged . | . . . Corruption Blocked . | . . . Overload Shots . | . . . Overflow Damage 15 | . 15 . Projectiles . | . . . Explosions . | . . . Melee 15 | . 15 . Knockbacks . | . . . Impact . | . . . Kinetic . | . . . Secondary . | . . . Self-Inflicted Damage 40 | . 40 . Shots 1 | . 1 . Rammed 1 | 1 . . Targets Rammed 8 | 1 5 2 Kicked 7 | . 5 2 Crushed . | . . . Highest Temperature 114 | . 114 40 Average Temperature 38 | . 43 14 Received Heat Transfer 288 | . 180 108 Siege Activations . | . . . Robots Corrupted . | . . . Combat Hostiles . | . . . Parts Fried . | . . . Impact Corruptions . | . . . Robots Melted . | . . . Combat Hostiles . | . . . Parts Melted . | . . . Heat Transferred 100 | . 100 . Parts Sabotaged . | . . . Parts Stolen . | . . . Parts Stripped . | . . . Power Chain Reactions 1 | . 1 . Alert | -11 -10 -9 ------- Run | Yrd Mat Mat Peak Influence 205 | . 205 160 Initial 42 | . . 42 Average 61 | . 68 50 Maximum Alert Level 1 | . 1 . Low Security (%) 99 | 100 99 100 Level 1 . | . . . Level 2 . | . . . Level 3 . | . . . Level 4 . | . . . Level 5 . | . . . High Security . | . . . Max Security . | . . . Squads Dispatched 4 | . 3 1 Investigation 1 | . 1 . Extermination . | . . . Reinforcement 3 | . 2 1 Assault . | . . . Garrison . | . . . Intercept . | . . . Searches Triggered . | . . . Construction Impeded . | . . . Haulers Reinforced . | . . . Active Scanning Responses . | . . . Cargo Convoy Interrupts . | . . . Stealth | -11 -10 -9 --------- Run | Yrd Mat Mat Distress Signals 4 | . 2 2 Communications Jammed . | . . . Distress Signals . | . . . Times Spotted 52 | . 30 22 Peak Tracking Total 15 | . 6 15 Tactical Retreats 5 | . 3 2 Traps | -11 -10 -9 ------- Run | Yrd Mat Mat Traps Triggered . | . . . Indirectly . | . . . Trap Hack Attempts . | . . . Triggered . | . . . Disarmed . | . . . Reprogrammed . | . . . Reused . | . . . Traps Extracted . | . . . Installed . | . . . Triggered . | . . . Machines | -11 -10 -9 ---------- Run | Yrd Mat Mat Machines Disabled . | . . . Max in Single Turn . | . . . Machines Repaired . | . . . Machines Dismantled . | . . . Machines Sabotaged . | . . . Overloaded Fab Kills . | . . . Hacking | -11 -10 -9 --------- Run | Yrd Mat Mat Machines Accessed 8 | . 6 2 Terminals 6 | . 5 1 Fabricators . | . . . Repair Stations 1 | . . 1 Recycling Units 1 | . 1 . Scanalyzers . | . . . Garrison Access . | . . . Total Hacks 21 | . 15 6 Successful 8 | . 3 5 Failed 13 | . 12 1 Catastrophic 8 | . 8 . Database Lockouts . | . . . Manual 13 | . 11 2 Terminals 17 | . 14 3 Fabricators . | . . . Repair Stations 3 | . . 3 Recycling Units 1 | . 1 . Scanalyzers . | . . . Garrison Access . | . . . Terminal Hacks 5 | . 2 3 Robot Analysis 1 | . . 1 Unreport Threat 3 | . 1 2 Hauler Manifests 1 | . 1 . Fabricator Hacks . | . . . Repair Station Hacks 2 | . . 2 Scan Component 1 | . . 1 Repair 1 | . . 1 Recycling Unit Hacks 1 | . 1 . Report Inventory 1 | . 1 . Scanalyzer . | . . . Garrison Access Hacks . | . . . Unauthorized Hacks . | . . . Terminals . | . . . Fabricators . | . . . Repair Stations . | . . . Recycling Units . | . . . Scanalyzers . | . . . Garrison Access . | . . . Data Cores Recovered . | . . . Used . | . . . Hacking Detections 5 | . 5 . Full Trace Events 3 | . 3 . Feedback Events . | . . . Feedback Blocked . | . . . Robot Schematics Acquired . | . . . Robots Built . | . . . Authchips . | . . . Time . | . . . Total Robot Build Rating . | . . . Part Schematics Acquired . | . . . Parts Built . | . . . Authchips . | . . . Time . | . . . Total Part Build Rating . | . . . Parts Repaired 1 | . . 1 Time 26 | . . 26 Parts Recycled . | . . . Recycled Matter . | . . . Retrieved Matter . | . . . Retrieved Components . | . . . Parts Scanalyzed . | . . . Part Schematics Acquired . | . . . Parts Damaged . | . . . Bothacking | -11 -10 -9 ------------ Run | Yrd Mat Mat Used RIF Installer . | . . . Robots Hacked . | . . . Non-combat . | . . . Combat . | . . . Robot Hacks Applied . | . . . Relay Couplers Released . | . . . Fabnet Peak Effective % . | . . . Robots Rewired . | . . . Allies Hacked . | . . . Hacks Repelled . | . . . Allies | -11 -10 -9 -------- Run | Yrd Mat Mat Total Allies . | . . . Largest Group . | . . . Highest-Rated Group . | . . . Highest-Rated Ally . | . . . Total Orders . | . . . Ally Attacks . | . . . Total Damage . | . . . Kills . | . . . Allies Corrupted . | . . . Allies Melted . | . . . Intel | -11 -10 -9 ------- Run | Yrd Mat Mat Robot Analysis Total 1 | . . 1 Derelict Logs Recovered . | . . . Drone Launches . | . . . Drone Recoveries . | . . . Exploration | -11 -10 -9 ------------- Run | Yrd Mat Mat Turns Passed 1804 | 103 1357 344 Spaces Moved 965 | 64 681 220 Core 9 | 9 . . Treads 466 | 55 411 . Legs 490 | . 270 220 Wheels . | . . . Hover . | . . . Flight . | . . . Fastest Speed 50 | 50 120 120 Average Speed 139 | 144 145 120 Slowest Speed 190 | 160 190 190 Overloaded Moves . | . . . Propulsion Burnouts . | . . . Robots Hopped . | . . . Cave-ins Triggered . | . . . Exploration Rate (%) 35 | 4 79 23 Regions Visited 2 Branch Regions . Pre-discovered Areas . | . . . Known Exits Taken . | . . . Unknown Exits Taken 2 | 1 1 . Scrap Searched . | . . . Spaces Dug 11 | . 11 . Terrain Destroyed 16 | . 16 . Melee 11 | . 11 . Projectile . | . . . AOE 5 | . 5 . Terrain Rammed . | . . . Walls Destroyed . | . . . Machines Disabled . | . . . Actions | -11 -10 -9 --------- Run | Yrd Mat Mat Total 1250 | 71 901 278 Wait 142 | . 107 35 Move 963 | 63 680 220 Hop . | . . . Pick Up 4 | 1 3 . Fast Attach 12 | 6 4 2 Attach 2 | . 1 1 Detach . | . . . Swap 10 | . 9 1 Drop 3 | . 3 . Fire 71 | . 54 17 Melee 35 | . 35 . Ram . | . . . Kick 7 | . 5 2 Crush 1 | 1 . . Escape Stasis . | . . . Rewire . | . . . Trap . | . . . Miscellaneous . | . . . Route ------- -11/Scrapyard -10/Materials (discovered 2 exits: *Mat / [*Min]) -9/Materials History --------- Turn | Location | Event 22 | -11/Scrapyard | Discovered new exit (range 14) 104 | -11/Scrapyard | Entered Materials 322 | -10/Materials | Build established: Mutant 659 | -10/Materials | Discovered new exit (range 8) 756 | -10/Materials | Core integrity fell below 50% 1390 | -10/Materials | Discovered new exit (range 3) 1461 | -10/Materials | Entered another Materials area 1461 | -9/Materials | Evolved 2 slots: Utility x2 1687 | -9/Materials | Repaired Aluminum Leg 1805 | -9/Materials | Self-destructed Last Messages --------------- 01668_ EM Pulse Gun destroyed. 01685_ G-34 Mercenary destroyed. 01687_ Repair station completes Aluminum Leg repairs. 01688_ Connecting with Repair Station... 01688_ Acquired Aluminum Leg. 01692_ Acquired 19 matter. 01693_ K-01 Serf collects debris. 01696_ Acquired 10 matter. 01697_ K-01 Serf collects debris. 01717_ Kicked K-01 Serf out of the way. 01726_ K-01 Serf cleans the Nuclear Reactor. 01762_ W-16 Scout sends out distress signal. 01780_ C-30 ARC bursts open, deploying its payload. 01780_ S-10 Pest unfolds itself. 01790_ Critical hit (Destroy). 01790_ Lgt. Ion Engine destroyed. 01796_ K-01 Serf cleans the Terminal. Map ----- +----------------------------------------------------+ | ?????????? ????????????????????????????? ! ?? | | ?????????? ??##+???????????????????????? ?? | | ??????????# ?? ???????????????????????? #?? | | ??????????# ?? ????????????????????????? ??? | | ??????????# #? ????????????????????????? #?? | | ??????????# #? ????????????????????????? #?? | | ??????????# #? ????????????????????????? ??? | | ??????????# ? ???????????????????#????? ??? | | ??????????# #? !!??????????????????? ????? ??? | | ??????????# #? !!??????????????????# #????# #??? | | ???#??????# ###/#####????????#?????# #????# #??? | | ???# " !! # # #??????? #?????# #????# #??? | | ???# T !! + + #??????? #?????# ######/###? | | ???# " # # #??????# #?????# # % #? | | ???#??????# ###/############+###???# #""" =] #? | | ??????????# #?# #????# #???# #"R ]] #? | | ??????????# #?# #????# #???# #""" #? | | ??????????# #?# #????# """ """ #??## # +? | | ??????????# #?# ###### """ """ #??# + """"" #? | | ??????????# #?# / """ """ #??# ## """"" #? | | ??????????# #?# # #### ## """"" #? | | ??????????# ??# # + % ## #? | | ??????????# ??# / #### ###########? | | ??????????# ??#^^^^ ^#####/#####??# #??????????? | | ??????????# ### Y### sss #????# #??????????? | | ?????????? gs@ #????# #??????????? | | ?????????? g Tt #????# #??????????? | | ?????????? a r* #????# ??????????? | | ?????????######### ##### % k #????###??????????? | | ?????????????????# #???###+########????????????? | | ?????????????????# #?????#%== #????????????? | | ?????????????????# #?????#%= """""#????????????? | | ?????????????????# #?????# """""#????????????? | | ?????????????????# #?????# """""#????????????? | | ?????????????????# #?????# """""#????????????? | | ?????????????????# #?????# """""#????????????? | | ?????????????????# #?????# """""#????????????? | | ?????????????????? ??????# """""#????????????? | | ???????????????????????????# #?????######## | | ???????????????????????????#####+####?????# = | | ??????????????????????????????# ######### | | ??????????????????????????????# # # | | ??????????????????????????????# # # """ | | ??????????????????????????????# + # """ | | ??????????????????????????????# ######### """ | | ??????????????????###########?# #???????# | | ??????????????????# # ############+### | | ??????????????????# # + | | ??????????????????# + # | | ??????????????????+ # # | +----------------------------------------------------+ Best States ------------- Heat Dissipation 28 Energy Generation 10 Energy Capacity 125 Matter Stores 300 Matter Capacity 300 Sight Range 16 Robot Scan Range 14 Terrain Scan Density 10 Evasion (%) 55 Targeting Accuracy 10 Recoil Reduction 2 Item Schematics ----------------- None Robot Schematics ------------------ None Fabricated ------------ Nothing Alien Tech Used ----------------- None Achievements -------------- None Challenges ------------ None Game ------ Seed AuthchipMyomerLaser Manual? 0 Play Time 00:13:47 Cumulative 17.9 hours Start 2024.09.08 @ 10:48:28 End 2024.09.08 @ 13:46:55 Sessions 3 Manual Loads 0 Difficulty Rogue Special Mode None Game No. 39 Rogue 39 Adventurer 0 Explorer 0 Win Type - Total 0 Types 0/0/0/0/0/0/0/0/0 Lore% 5 Gallery% 21 Achievement% 19 Wizard Run 0 Options --------- Layout 1 ASCII 0 Keyboard 1 Movement Numpad Keybinds 0 Fullscreen 1 Font 24/Smallcaps Map View 50x35 Zoom Use 0% Tactical HUD 1 Map Filters NONE Filters NONE Steam 1 RUN: 2a7f1ebf-f611-477d-af6e-306fdaf5e470